 Dungeon Crawl Stone Soup version 0.30-a0-591-g3c58d2bc28 (webtiles) character file.

Game seed: 17978712892062159174

4 OTABOTABOTAB the Insei (level 1, -3/13 HPs)
             Began as an Octopode Transmuter on Jan 4, 2023.
             Slain by a hobgoblin (4 damage)
             ... on level 1 of the Dungeon.
             The game lasted 00:00:35 (71 turns).

OTABOTABOTAB the Insei (Octopode Transmuter)          Turns: 71, Time: 00:00:36

Health: -3/13      AC:  1    Str:  9    XL:     1   Next: 60%
Magic:  3/3        EV: 13    Int: 15    God:
Gold:   0          SH:  0    Dex: 12    Spells: 3/4 levels left

rFire   . . .      SeeInvis .      - Unarmed
rCold   . . .      Faith    .    (no shield)
rNeg    . . .      Spirit   .    (helmet restricted)
rPois   .          Reflect  .    (no amulet)
rElec   .          Harm     .    (no ring)
rCorr   .          Rampage  .    (no ring)
Will    .....                    (no ring)
Stlth   ++                       (no ring)
HPRegen 0.22/turn                (no ring)
MPRegen 0.08/turn                (no ring)
                                 (no ring)
                                 (no ring)

@: no status effects
A: almost no armour, amphibious, 8 rings, camouflage 1, gelatinous body 1,
(nimble swimmer 1), tentacles
a: no special abilities


You were on level 1 of the Dungeon.
You visited 1 branch of the dungeon, and saw 1 of its levels.

Inventory:

Potions
 P - a potion of lignification {!q}


   Skills:
 - Level 1.0 Fighting
 - Level 2.0 Dodging
 * Level 3.1 Unarmed Combat
 - Level 2.0 Spellcasting
 + Level 2.1 Transmutations
 + Level 0.4 Poison Magic


You had 3 spell levels left.
You knew the following spells:

 Your Spells              Type           Power      Damage    Failure   Level
a - Beastly Appendage     Tmut           14%        N/A       10%         1

Your spell library contained the following spells:

 Spells                   Type           Power      Damage    Failure   Level
 Wereblood                Tmut           7%         N/A       14%         2
 Spider Form              Tmut/Pois      5%         N/A       36%         3
 Ice Form                 Ice/Tmut       4%         N/A       82%         4


Dungeon Overview and Level Annotations

Branches:
Dungeon (1/15)

Altars:


Innate Abilities, Weirdness & Mutations

You cannot wear most types of armour.
You are amphibious.
You can wear up to eight rings at the same time.
Your skin changes colour to match your surroundings (Stealth+).
Your rubbery body absorbs attacks. (AC +1, EV +1)
((You are camouflaged when in or above water. (Stealth+)))
You have tentacles for arms and can constrict up to eight enemies at once.


Message History

Bad channel name for runrest: 'Jiyva says: Divide and consume' Welcome, OTABOTABOTAB the Octopode Transmuter.
Will you be the one to retrieve the legendary Orb of Zot from the depths?
Found a staircase leading out of the dungeon.
You see here a +0 quarterstaff.
A rat comes into view.
A rat is nearby!
You barely miss the rat. You grab the rat. You constrict the rat.
The rat closely misses you.
You tentacle-slap the rat.
You kill the rat!
No target in view!
Unknown command.
No target in view!
You see here a +0 robe.
Found a stone staircase leading down.
A hobgoblin comes into view.
A hobgoblin is nearby!
A bat comes into view.
A bat comes into view.
Unknown command.
You closely miss the bat. You grab the bat. You constrict the bat.
The bat escapes!
The bat hits you. The bat completely misses you. The bat hits you.
You take 2 damage, and have 11/13 hp.
You miss the bat. You grab the bat. You constrict the bat.
The bat barely misses you. x2; The bat escapes!
You tentacle-slap the bat.
You kill the bat!
The bat barely misses you. The bat hits you.
You take 1 damage, and have 10/13 hp.
You barely miss the bat. You grab the bat. You constrict the bat.
The bat barely misses you.
The bat struggles to escape constriction.
The bat closely misses you.
Unknown command.
You tentacle-slap the bat.
You kill the bat!
No target in view!
No target in view!
A kobold comes into view. It is wielding a +0 whip.
Health restored: 13 A dart slug comes into view.
A kobold comes into view. It is wielding a +0 dagger.
The kobold shouts!
You hear a shout!
The kobold throws a stone.
The stone barely misses you. The kobold barely misses you.
Unknown command.
You barely miss the kobold. You grab the kobold. You constrict the kobold.
The kobold hits you with a +0 whip.
You take 3 damage, and have 10/13 hp.
MASSIVE DAMAGE!!
You tentacle-slap the kobold.
You constrict the kobold, but do no damage.
The kobold barely misses you.
You tentacle-slap the kobold.
You kill the kobold!
The kobold hits you with a +0 dagger.
You take 2 damage, and have 8/13 hp.
You tentacle-slap the kobold. Your grab misses the kobold.
You squeeze the kobold, but do no damage.
The kobold hits you with a +0 dagger.
You take 3 damage, and have 5/13 hp.
MASSIVE DAMAGE!!
You tentacle-slap the dart slug. You grab the dart slug.
You constrict the dart slug. The hobgoblin hits you.
* * * LOW HITPOINT WARNING * * *
The kobold hits you but does no damage.
You take 4 damage, and have 1/13 hp.
MASSIVE DAMAGE!!
You tentacle-slap the dart slug. You constrict the dart slug.
The hobgoblin hits you.
You die...

####.......#
..g.......###########
##.#.##.#..........[.
#..#.##.#############
#..#.##....#
#?...##.##.#
#####.#.#...#.#
......gK#.....#
#@w.....# ###..####
###### #..# ......
#.... ...... ##.#..
...... #.#...# ...♣..
..# ..# ....8. ..#
..# ...... ......


You could see a dart slug, a hobgoblin and a kobold.

Vanquished Creatures
  2 bats (D:1)
  A kobold (D:1)
  A rat (D:1)
4 creatures vanquished.

Notes
Turn   | Place    | Note
-------+----------+-------------------------------------------
     0 | D:1      | OTABOTABOTAB the Octopode Transmuter began the quest for
                  | the Orb.
     0 | D:1      | Reached XP level 1. HP: 13/13 MP: 3/3
    70 | D:1      | HP: 1/13 [hobgoblin (4)]
    71 | D:1      | Slain by a hobgoblin

Illustrated notes

Levels and vault maps discovered:
D:1:      wander_arrival_lonely_grave, layout_basic

Action                   || total
-------------------------++-------
Melee: Unarmed           ||    13
       Constrict         ||     6
       Tentacles         ||     1
Armor: Skin              ||     1
Dodge: Dodged            ||    10

Table legend: (Time is in decaauts)
 A = Elapsed time spent in this place.
 B = Non-inter-level travel time spent in this place.
 C = Inter-level travel time spent in this place.
 D = Time resting spent in this place.
 E = Time spent auto-exploring this place.
 F = Levels seen in this place.
 G = Mean time per level.
                   A        B        C        D        E       F      G
               +--------+--------+--------+--------+--------+-----+--------+
         Total |     70 |     70 |      0 |      0 |     43 |   1 |   70.0 |
       Dungeon |     70 |     70 |      0 |      0 |     43 |   1 |   70.0 |
               +--------+--------+--------+--------+--------+-----+--------+

Top non-repeatable levels by time:
     D:1: 70 daAuts

Table legend:
 A = Kills in this place as a percentage of kills in entire the game.
 B = Kills by you in this place as a percentage of kills by you in the entire game.
 C = Kills by friends in this place as a percentage of kills by friends in the entire game.
 D = Other kills in this place as a percentage of other kills in the entire game.
 E = Experience gained in this place as a percentage of experience gained in the entire game.
 F = Experience gained in this place divided by the number of levels of this place that you have seen.
                   A       B       C       D       E      F
               +-------+-------+-------+-------+-------+----------------------
         Total | 100.0 | 100.0 |   N/A |   N/A | 100.0 |   6.0
       Dungeon | 100.0 | 100.0 |   N/A |   N/A | 100.0 |   6.0
               +-------+-------+-------+-------+-------+----------------------
